Map: Korhal Carnage Knockout LE

Players

Snute

  • Race: Zerg Zerg

Guru - Winner!

  • Race: Zerg Zerg

Event: DreamHack Open Tours WCS Spring Championship

VOD

Have the link to the VOD?

Description

Time

  • Played on: May 14, 2016, 5:09 a.m.
  • Length: 12:17

All games in this series

Show
View Real Time Build Order
Export as new Build Order

Snute Zerg 

Build Orders: Pool First, Zergling Baneling 

Get SALT Encoding   

  12  0:00  Drone  
  13  0:16  Extractor  
  12  0:24  Spawning Pool  
  12  0:27  Drone  
  12  0:32  Drone  
  13  0:36  Drone  
  14  0:47  Overlord  
  14  1:11  Zergling x6  
  17  1:16  Metabolic Boost  
  17  1:22  Zergling x2  
  18  1:32  Zergling x2  
  19  1:36  Baneling Nest  
  18  1:43  Zergling x2  
  18  1:46  Queen  
  21  1:56  Overlord  
  21  2:04  Zergling x2  
  21  2:15  Zergling x2  
  22  2:25  Baneling x2  
  22  2:26  Zergling x2  
  23  2:31  Baneling x2  
  24  2:37  Zergling x2  
  24  2:45  Baneling  
  18  2:58  Drone x3  
  20  3:10  Zergling x4  
  20  3:12  Queen, Zergling x2  
  24  3:20  Baneling x2  
  24  3:23  Zergling x2  
  25  3:28  Baneling x2  
  25  3:39  Drone  
  23  3:52  Hatchery  
  23  3:53  Drone x2  
  22  3:56  Zergling x2  
  22  4:02  Drone  
  24  4:08  Zergling x2  
  25  4:14  Baneling x2  
  25  4:18  Drone  
  26  4:30  Drone  
  27  4:34  Drone x3  
  30  4:46  Overlord  
  30  5:10  Zergling x4  
  30  5:11  Drone x3  
  35  5:16  Drone x2  
  36  5:26  Drone  
  36  5:27  Drone  
  37  5:31  Drone x3  
  40  5:36  Roach Warren  
  40  5:37  Drone  
  40  5:38  Extractor, Drone x2  
  41  5:52  Overlord  
  41  5:53  Overlord x2  
  41  5:57  Hatchery  
  40  6:15  Roach  
  40  6:16  Roach x6  
  54  6:20  Roach  
  54  6:23  Roach  
  58  6:29  Roach  
  60  6:35  Zergling x6  
  60  6:37  Ravager x3  
  60  6:38  Zergling x2  
  67  6:43  Overlord  
  67  6:44  Overlord  
  67  6:54  Overlord  
  67  6:58  Zergling x2  
  67  7:00  Overlord  
  68  7:03  Ravager x2  
  68  7:06  Zergling x4  
  68  7:07  Zergling x6  
  75  7:09  Baneling x2  
  75  7:11  Zergling x2  
  75  7:14  Zergling x6  
  75  7:15  Zergling x2  
  80  7:20  Queen  
  72  7:36  Queen x2  
  57  7:41  Drone  
  57  7:42  Drone x6  
  61  7:50  Spore Crawler  
  60  7:54  Zergling x10  
  65  8:00  Spore Crawler  
  62  8:05  Spore Crawler  
  62  8:07  Spore Crawler  
  60  8:15  Queen x3  
  60  8:19  Spore Crawler, Zergling x2  
  66  8:22  Zergling x4  
  66  8:23  Zergling x2  
  69  8:29  Zergling x4  
  69  8:30  Zergling x4  
  69  8:32  Zergling x2  
  74  8:51  Queen  
  76  8:55  Queen  
  76  8:58  Queen  
  79  9:03  Roach x2  
  79  9:04  Roach x4  
  79  9:08  Roach x2  
  95  9:13  Roach  
  95  9:15  Overlord  
  97  9:18  Overlord  
  97  9:19  Spore Crawler  
  96  9:26  Queen  
  97  9:31  Overlord  
  97  9:35  Roach x4  
  105  9:41  Roach  
  105  9:42  Roach x3  
  111  9:51  Roach  
  113  9:57  Zergling x12  
  119  10:02  Roach  
  121  10:16  Zergling x8  
  121  10:17  Zergling x8  
  122  10:24  Overlord  
  122  10:37  Overlord  
  122  10:38  Overlord  
  122  10:41  Queen x2  
  122  10:42  Queen  
  128  10:44  Zergling x4  
  130  10:54  Overlord  
  130  10:57  Zergling x2  
  130  10:58  Zergling x10  
  135  11:07  Zergling x6  
  133  11:24  Baneling x2  
  117  11:25  Baneling  
  117  11:26  Baneling x6  
  95  11:38  Zergling x8  
  95  11:39  Zergling x10  
  71  11:49  Zergling x2  
  71  11:50  Zergling x2  
  66  11:58  Zergling x2  
Show
View Real Time Build Order
Export as new Build Order

Guru Zerg - Winner!

Build Orders: Pool First 

Get SALT Encoding   

  12  0:01  Drone  
  13  0:08  Drone  
  14  0:25  Spawning Pool  
  14  0:28  Drone  
  14  0:32  Extractor  
  14  0:34  Drone  
  14  0:42  Overlord  
  14  1:01  Drone  
  15  1:12  Zergling x2  
  15  1:13  Queen, Zergling x4  
  20  1:24  Zergling x2  
  21  1:32  Metabolic Boost  
  21  1:37  Zergling x2  
  22  1:55  Baneling Nest  
  22  1:56  Overlord  
  22  1:58  Zergling x2  
  23  2:15  Zergling x2  
  23  2:18  Zergling x2  
  24  2:25  Zergling x2  
  24  2:26  Zergling x4  
  27  2:33  Zergling x2  
  28  2:38  Baneling x2  
  28  2:39  Baneling x2  
  27  2:45  Zergling x2  
  27  2:47  Baneling x2  
  23  3:00  Drone x2  
  24  3:07  Drone  
  25  3:18  Hatchery  
  24  3:22  Drone  
  25  3:32  Drone x2  
  27  3:37  Drone  
  27  3:38  Drone  
  25  3:41  Zergling x2  
  25  3:49  Zergling x2  
  25  3:55  Queen  
  27  4:03  Zergling x2  
  28  4:13  Overlord  
  28  4:14  Drone  
  29  4:19  Drone  
  30  4:30  Drone x2  
  32  4:32  Drone  
  32  4:35  Lair  
  33  4:41  Drone x3  
  33  4:43  Drone  
  36  4:49  Drone  
  37  4:55  Drone  
  38  5:01  Extractor  
  38  5:03  Drone  
  38  5:04  Drone  
  39  5:08  Overlord  
  39  5:10  Drone x2  
  39  5:11  Drone  
  42  5:17  Drone  
  43  5:23  Drone  
  42  5:30  Extractor  
  42  5:31  Extractor  
  42  5:34  Zergling x8  
  42  5:35  Spire, Zergling x2  
  44  5:39  Drone x2  
  44  5:41  Drone  
  47  5:45  Queen  
  49  5:51  Overseer  
  49  5:52  Overlord, Drone  
  50  6:02  Drone  
  50  6:04  Drone  
  52  6:05  Hatchery  
  52  6:08  Overlord  
  51  6:12  Drone  
  51  6:13  Drone  
  51  6:14  Drone  
  54  6:27  Overlord  
  54  6:40  Spine Crawler  
  54  6:41  Spine Crawler x2, Drone x3  
  54  6:42  Spine Crawler, Drone x2  
  55  6:49  Mutalisk x4  
  55  6:53  Mutalisk  
  66  6:55  Mutalisk  
  66  6:59  Baneling x2  
  68  7:01  Mutalisk  
  68  7:05  Baneling  
  68  7:06  Baneling x5  
  68  7:07  Baneling  
  68  7:08  Baneling  
  70  7:18  Mutalisk  
  65  7:32  Queen  
  65  7:33  Mutalisk, Queen  
  67  7:39  Drone  
  67  7:42  Overlord  
  68  7:49  Hatchery  
  67  7:53  Overlord  
  67  8:01  Overlord  
  67  8:03  Mutalisk x2  
  67  8:04  Mutalisk  
  73  8:08  Queen, Pneumatized Carapace  
  73  8:11  Evolution Chamber  
  73  8:12  Evolution Chamber  
  73  8:16  Infestation Pit  
  72  8:20  Zergling x8  
  72  8:23  Zergling x2  
  72  8:26  Mutalisk  
  79  8:35  Zergling x2  
  79  8:36  Mutalisk  
  82  8:44  Zergling x4  
  82  8:45  Zerg Ground Armor Level 1  
  82  8:48  Drone x2  
  86  8:50  Drone  
  87  8:57  Baneling x2  
  87  8:58  Zergling x2  
  87  9:00  Hive  
  87  9:01  Drone  
  89  9:03  Queen  
  89  9:07  Baneling x2  
  89  9:09  Zergling x4  
  93  9:14  Zerg Melee Weapons Level 1  
  93  9:18  Drone x3  
  96  9:27  Drone x3  
  98  9:36  Overlord x2  
  98  9:37  Overlord  
  98  9:55  Overlord  
  98  9:57  Drone x2  
  98  9:58  Drone  
  98  9:59  Drone x6  
  107  10:01  Drone  
  107  10:03  Zerg Flyer Weapons Level 1  
  107  10:06  Overlord x2  
  108  10:18  Zergling x2  
  108  10:21  Zergling x2  
  108  10:22  Extractor, Ultralisk Cavern  
  108  10:23  Zergling x2, Extractor  
  108  10:24  Zergling x16  
  108  10:26  Zergling x2  
  108  10:27  Zergling x2  
  116  10:29  Zergling x2  
  117  10:38  Zergling x6  
  117  10:42  Spine Crawler  
  119  10:44  Spine Crawler x2  
  119  10:46  Spine Crawler x2  
  119  10:48  Zergling x6  
  119  10:49  Zergling x10  
  123  10:54  Zergling x2  
  124  10:59  Baneling x5  
  124  11:00  Baneling x8  
  124  11:01  Zergling x2  
  124  11:04  Zergling x2  
  124  11:05  Zergling x2  
  117  11:18  Ultralisk  
  109  11:28  Ultralisk  

Tags
 
Add a new tag
Caveats
  • Supply blocks, unpowered buildings, or Contaminate may cause inaccurate times.
  • Supply counts are checked every 10 seconds.